 Dungeon Crawl Stone Soup version 0.20.1-1-g8b1a95d (webtiles) character file.

501 slep the Slasher (level 6, -4/48 HPs)
             Began as a Demonspawn Abyssal Knight on Oct 26, 2017.
             Was a Believer of Lugonu.
             Slain by snakeinabush123's ghost (16 damage)
             ... on level 4 of the Dungeon.
             The game lasted 00:16:29 (2891 turns).

slep the Slasher (Demonspawn Abyssal Knight)        Turns: 2891, Time: 00:16:29

Health: -4/48      AC:  6    Str: 12    XL:     6   Next: 95%
Magic:  7/7        EV: 12    Int: 14    God:    Lugonu [**....]
Gold:   290        SH:  0    Dex: 14    Spells: 5/5 levels left

rFire    . . .     SeeInvis .   i - +2 mace (venom)
rCold    . . .     Gourm    .   (no shield)
rNeg     . . .     Faith    .   b - +0 leather armour
rPois    .         Spirit   .   (no helmet)
rElec    .         Reflect  .   F - +0 cloak
rCorr    .         Harm     +   y - +0 pair of gloves
MR       +....                  e - +0 pair of boots
Stlth    +++.......             k - amulet of harm
Regen    0.2/turn               r - ring of protection from magic
MPRegen  0.1/turn               (no ring)

@: no status effects
A: hooves 1, nightstalker 1, spiny 2
a: Depart the Abyss, Bend Space, Renounce Religion


You were on level 4 of the Dungeon.
You worshipped Lugonu.
Lugonu was pleased with you.
You were not hungry.

You visited 1 branch of the dungeon, and saw 4 of its levels.
You visited the Abyss 1 time.

You collected 316 gold pieces.
You spent 26 gold pieces at shops.

Inventory:

Hand Weapons
 a - a +1 falchion
 h - a +0 dagger of electrocution
 i - a +2 mace of venom (weapon)
 x - a +2 dagger of venom
 H - a +0 flail of draining
Missiles
 v - 2 javelins (quivered)
 C - 3 tomahawks
Armour
 b - a +0 leather armour (worn)
 e - a +0 pair of boots (worn)
 y - a +0 pair of gloves (worn)
 A - a +0 cloak
 F - a +0 cloak (worn)
Jewellery
 k - an amulet of harm (around neck)
 r - a ring of protection from magic (left hand)
 E - a cursed amulet of inaccuracy
Scrolls
 d - 2 scrolls of magic mapping {unknown}
 f - 2 scrolls of teleportation {unknown}
 g - 2 scrolls of immolation {unknown}
 j - 4 scrolls of identify {unknown}
 l - 2 scrolls of enchant armour {unknown}
 m - 2 scrolls of remove curse {unknown}
 o - 2 scrolls of fog {unknown}
 p - a scroll of random uselessness {unknown}
 t - 2 scrolls of blinking {unknown}
 u - a scroll of fear {unknown}
 G - a scroll of recharging {unknown}
Potions
 q - a potion of mutation {unknown}
 s - 2 potions of might {unknown}
 w - 2 potions of curing {unknown}
 B - 3 potions of lignification {unknown}
 D - 2 potions of degeneration {unknown}
Comestibles
 c - 7 bread rations
 n - 2 meat rations
 z - 3 chunks of flesh


   Skills:
 + Level 4.3 Fighting
 + Level 4.4 Long Blades
 + Level 1.1 Maces & Flails
 + Level 0.3 Throwing
 + Level 2.6 Armour
 + Level 2.2 Dodging
 + Level 2.4 Stealth
 + Level 2.6 Invocations


You had 5 spell levels left.
You didn't know any spells.

Dungeon Overview and Level Annotations

Branches:
Dungeon (4/15)
 Temple: D:4-7

Altars:

Shops:
D:4 =

Annotations:
D:4 snakeinabush123's ghost, amateur GrFi


Innate Abilities, Weirdness & Mutations

You have large cloven feet.
You are slightly more attuned to the shadows.
You are mostly covered in sharp spines.


Message History

You hit snakeinabush123's ghost but do no damage.
Snakeinabush123's ghost barely misses you.
You closely miss snakeinabush123's ghost.
Snakeinabush123's ghost hits you!
Snakeinabush123's ghost is struck by your spines.
Snakeinabush123's ghost hits you.
* * * LOW HITPOINT WARNING * * *
You hit snakeinabush123's ghost but do no damage.
Snakeinabush123's ghost is lightly damaged.
Snakeinabush123's ghost barely misses you.
You sock snakeinabush123's ghost!
Snakeinabush123's ghost is moderately damaged.
Snakeinabush123's ghost hits you but does no damage.
You barely miss snakeinabush123's ghost.
Snakeinabush123's ghost is moderately damaged.
Snakeinabush123's ghost hits you but does no damage. x2
You hit snakeinabush123's ghost but do no damage.
Snakeinabush123's ghost is moderately damaged.
Snakeinabush123's ghost hits you!
You die...

###.########.......
##...## #.######
#.###.#######.## #.#
#..........# ########
#.###.#######.##
#......# ##...## #.#
#.####.#####.###.# #.#
#.# #.......# #.# #.#
#.# #.#####.# #@# #.#
#.#
#.........W....####.####
#.#
#.#########............#
#.####.#####
#.....######.#
............# #..###.#
#.# #.####.####.# #..# #
#.# #..# #... ...# #.#
##.# #..## #.# . # .#
#..# ##.####.


You could see snakeinabush123's ghost.

Vanquished Creatures
  2 ogres (D:4)
  The ghost of slep the Skirmisher, an amateur DsAK of Lugonu (D:3)
  A hound (D:4)
  A bullfrog skeleton (D:4)
  A centaur skeleton (D:4)
  An iguana (D:4)
  A worker ant (D:4)
  2 adders
  2 worms
  A dart slug (D:1)
  A leopard gecko (D:4)
  4 orcs
  2 ball pythons (D:2)
  4 giant cockroaches
  11 goblins
  5 hobgoblins
  10 jackals
  3 kobolds
  2 quokkas (D:2)
  13 bats
  4 frilled lizards
  A jackal skeleton (D:4)
  7 rats
80 creatures vanquished.

Notes
Turn   | Place    | Note
-------+----------+-------------------------------------------
     0 | Abyss:1  | slep the Demonspawn Abyssal Knight began the quest for the Orb.
     0 | Abyss:1  | Reached XP level 1. HP: 18/18 MP: 2/2
    37 | Abyss:1  | Noticed an iron imp
    63 | Abyss:1  | Noticed a thrashing horror
    67 | D:1      | Escaped the Abyss
   131 | D:1      | Reached skill level 1 in Dodging
   214 | D:1      | Reached * piety under Lugonu
   243 | D:1      | Gained mutation: You are partially covered in sharp spines. [demonic ancestry]
   243 | D:1      | Reached XP level 2. HP: 24/24 MP: 3/3
   696 | D:1      | Gained mutation: You are slightly more attuned to the shadows. [demonic ancestry]
   696 | D:1      | Reached XP level 3. HP: 20/29 MP: 4/4
  1647 | D:4      | Reached skill level 1 in Stealth
  1647 | D:4      | Gained mutation: You have large cloven feet. [demonic ancestry]
  1647 | D:4      | Reached XP level 4. HP: 24/36 MP: 5/5
  1656 | D:3      | Reached ** piety under Lugonu
  1874 | D:3      | Noticed slep's ghost (amateur DsAK)
  1880 | D:3      | Killed slep's ghost
  1880 | D:3      | Gained mutation: You are mostly covered in sharp spines. [demonic ancestry]
  1880 | D:3      | Reached XP level 5. HP: 32/42 MP: 6/6
  2345 | D:4      | Found Poemin's Jewellery Shoppe.
  2350 | D:4      | Bought a cursed amulet of inaccuracy for 26 gold pieces
  2443 | D:4      | Reached XP level 6. HP: 48/48 MP: 7/7
  2488 | D:4      | HP: 2/48 [ogre/giant club (3)]
  2772 | D:4      | Reached skill level 1 in Maces & Flails
  2881 | D:4      | Noticed snakeinabush123's ghost (amateur GrFi)
  2891 | D:4      | Slain by snakeinabush123's ghost

Skill      XL: |  1  2  3  4  5  6 |
---------------+-------------------+-----
Dodging        | 1 2 |  2.2
Long Blades    | 2 3 4 |  4.4
Armour         | 2 |  2.6
Stealth        | 1 2 |  2.4
Fighting       | 4 |  4.3
Maces & Flails | 1 |  1.1
Throwing       | |  0.3
Invocations    | |  2.6

Action                   |  1- 3 |  4- 6 || total
-------------------------+-------+-------++-------
Melee: Falchion          |    96 |     8 ||   104
       Dagger            |       |     3 ||     3
       Mace              |       |    48 ||    48
Throw: Javelin           |       |     4 ||     4
Invok: Depart the Abyss  |     1 |       ||     1
 Stab: Sleeping          |     5 |     9 ||    14
       Distracted        |       |     1 ||     1
  Eat: Chunk             |     2 |     4 ||     6
Armor: Leather armour    |    22 |    24 ||    46
Dodge: Dodged            |    60 |    30 ||    90
       Rpst.: Falchion   |    20 |       ||    20
